 Dungeon Crawl Stone Soup version 0.24-b1 (webtiles) character file.

Game seed: 11584422125820899149, levelgen mode: deterministic

1726 Conn the Magician (level 9, -1/53 HPs)
             Began as an Octopode Fire Elementalist on Oct 12, 2019.
             Was an Initiate of Sif Muna.
             Slain by a killer bee (4 damage)
             ... on level 7 of the Dungeon.
             The game lasted 00:16:33 (7083 turns).

Conn the Magician (Octopode Fire Elementalist)      Turns: 7083, Time: 00:16:34

Health: -1/53      AC:  1    Str: 10    XL:     9   Next: 4%
Magic:  16/17      EV: 14    Int: 20    God:    Sif Muna [......]
Gold:   323        SH:  5    Dex: 13    Spells: 3/19 levels left

rFire    . . .     SeeInvis +   A - +1 short sword (distort)
rCold    . . .     Gourm    .   l - +0 buckler
rNeg     . . .     Faith    .   (helmet restricted)
rPois    .         Spirit   .   r - amulet of regeneration
rElec    .         Reflect  .   v - +3 ring of strength
rCorr    .         Harm     .   (no ring)
MR       .....                  (no ring)
Stlth    ++++......             (no ring)
HPRegen  0.57/turn              (no ring)
MPRegen  0.15/turn              (no ring)
                                (no ring)
                                (no ring)

@: lethally poisoned (-1 -> -11)
A: almost no armour, stealthy swim, amphibious, 8 rings, constrict 8, camouflage
1, see invisible, screaming 1, gelatinous body 1
a: Renounce Religion


You were on level 7 of the Dungeon.
You worshipped Sif Muna.
Sif Muna was noncommittal.
You were hungry.

You visited 2 branches of the dungeon, and saw 8 of its levels.

You collected 323 gold pieces.

Inventory:

Hand Weapons
 c - a +0 short sword
 A - a +1 short sword of distortion (weapon)
Armour
 l - a +0 buckler (worn)
Magical Staves
 B - an uncursed staff of cold
Jewellery
 r - an amulet of regeneration (around mantle)
 v - a +3 ring of strength (left tentacle)
Wands
 t - a wand of random effects (21)
 x - a wand of iceblast (12)
 y - a wand of digging (3)
Scrolls
 e - 6 scrolls of identify
 f - a scroll of magic mapping
 g - a scroll of fear {unknown}
 i - 2 scrolls of immolation {unknown}
 j - 5 scrolls of enchant weapon
 k - 2 scrolls of remove curse {unknown}
 m - 2 scrolls of enchant armour {unknown}
 n - a scroll of blinking {unknown}
 p - 3 scrolls of teleportation {unknown}
Potions
 a - 2 potions of heal wounds
 d - 2 potions of mutation
 h - 5 potions of curing
 o - 2 potions of flight
 q - 2 potions of degeneration {unknown}
 s - a potion of haste {unknown}
 u - a potion of invisibility {unknown}
 z - a potion of might {unknown}
Comestibles
 b - 14 rations


   Skills:
 + Level 1.5 Fighting
 + Level 2.7 Short Blades
 + Level 3.5 Dodging
 + Level 5.2 Stealth
 * Level 4.2 Shields
 * Level 5.6 Spellcasting
 * Level 4.3 Conjurations
 * Level 2.3 Summonings
 + Level 4.7 Fire Magic


You had 3 spell levels left.
You knew the following spells:

 Your Spells              Type           Power        Failure   Level  Hunger
a - Flame Tongue          Conj/Fire      ###..        1%          1    None
b - Conjure Flame         Conj/Fire      ###.....     4%          3    ##.....
c - Inner Flame           Hex/Fire       ###.....     12%         3    ##.....
d - Sticky Flame          Conj/Fire      ###.....     17%         4    ####...
e - Call Imp              Summ           ##......     6%          2    None
f - Summon Guardian Gole  Hex/Summ       ##......     21%         3    ##.....

Your spell library contained the following spells:

 Spells                   Type           Power        Failure   Level  Hunger
 Throw Flame              Conj/Fire      ###...       2%          2    None
 Summon Small Mammal      Summ           ##..         4%          1    None
 Call Canine Familiar     Summ           ##......     13%         3    ##.....
 Fireball                 Conj/Fire      ###.......   43%         5    #####..
 Summon Ice Beast         Ice/Summ       ##......     56%         4    ####...
 Summon Lightning Spire   Summ/Air       ##......     56%         4    ####...
 Malign Gateway           Summ/Tloc      ##........   100%        7    #######
 Monstrous Menagerie      Summ           ##........   100%        7    #######
 Summon Greater Demon     Summ           ##........   100%        7    #######
 Summon Horrible Things   Summ           ##........   100%        8    #######


Dungeon Overview and Level Annotations

Branches:
Dungeon (7/15)             Temple (1/1) D:5

Altars:
Ashenzari
Cheibriados
Dithmenos
Elyvilon
Fedhas
Gozag
Hepliaklqana
Kikubaaqudgha
Makhleb
Nemelex Xobeh
Okawaru
Qazlal
Ru
Sif Muna
Trog
Uskayaw
Vehumet
Wu Jian
Xom
Yredelemnul
Zin
The Shining One


Innate Abilities, Weirdness & Mutations

You cannot wear most types of armour.
You are very stealthy in the water. (Stealth+)
You are amphibious.
You can wear up to eight rings at the same time.
You can use your tentacles to constrict eight enemies at once.
Your skin changes colour to match your surroundings (Stealth+).
Your rubbery body absorbs attacks. (AC +1, EV +1)
You have supernaturally acute eyesight. (SInv)
You occasionally shout uncontrollably at your foes.


Message History

You feel sick.
As you read the scroll labeled KEUDYTTANO, it crumbles to dust.
It is a scroll of identify.
j - 5 scrolls of enchant weapon You feel sick.
The killer bee misses you. The killer bee closely misses you. x2
The killer bee misses you. You block the killer bee's attack.
As you read the scroll labeled COFITHRE EVIJIF, it crumbles to dust.
You feel aware of your surroundings.
You sensed 1 shop/portal.
It was a scroll of magic mapping.
The killer bee stings you! x2
You are more poisoned.
The killer bee poisons you! The killer bee stings you.
The killer bee stings you!
You are more poisoned.
The killer bee poisons you! The killer bee stings you!
* * * LOW HITPOINT WARNING * * *
The killer bee stings you!
* * * LOW HITPOINT WARNING * * *
You are more poisoned.
The killer bee poisons you! The killer bee stings you.
You die...

**,,,,,,,,#.###........#,,,,*,,*
,*****,***#..,.........#,*****,*
,* *,** #.###........#,,,,,,,*
,* *,,* #.<.#........#********
,* **,* #.))#...>....# **
*,*##........(...#
#.##.....y.......#
******#........y#y.?.###
,,≈,,*#........y@y...#**
≈≈≈≈,................%.#
,,,≈≈≈....#+#........#.#
,,,,,.....*,##########.#******
,,,,,...#.*,**********,.,,,,,*
,,,,,...,,,,*,,,,,,,,,,*****,*
***,,.#*,,,,,,,,,,,,,,,* *,,,*
***,**,*,,*,,,,,,,,,,* *,***
*,,,,*,,*,,,,,,,,,,***,*


You could see 5 killer bees.

Vanquished Creatures
  Grinder (D:6)
  2 ice beasts (D:6)
  2 sky beasts (D:5)
  2 ogres
  2 bullfrogs (D:6)
  A scorpion (D:6)
  A howler monkey (D:5)
  A crimson imp (D:5)
  A bullfrog zombie (D:5)
  A hound (D:5)
  A jelly (D:5)
  2 orc priests (D:5)
  2 bullfrog skeletons
  A gnoll shaman (D:5)
  An iguana (D:6)
  An orc wizard (D:7)
  4 worker ants
  2 hound zombies (D:6)
  A worker ant zombie (D:6)
  7 gnolls
  A howler monkey skeleton (D:4)
  5 adders
  An adder skeleton (D:5)
  3 worms
  2 dart slugs (D:2)
  5 leopard geckos
  10 orcs
  2 ball pythons
  13 bats
  7 giant cockroaches
  9 goblins
  5 hobgoblins
  13 jackals
  5 quokkas
  8 frilled lizards
  11 kobolds
  A quokka zombie (D:5)
  5 rats
142 creatures vanquished.

Vanquished Creatures (collateral kills)
  A centaur (D:6)
1 creature vanquished.

Vanquished Creatures (others)
  An orc warrior (D:7)
  A bush (D:6)
2 creatures vanquished.

Grand Total: 145 creatures vanquished

Notes
Turn   | Place    | Note
-------+----------+-------------------------------------------
     0 | D:1      | Conn the Octopode Fire Elementalist began the quest for the
                  | Orb.
     0 | D:1      | Reached XP level 1. HP: 11/11 MP: 3/3
    75 | D:1      | Reached XP level 2. HP: 9/17 MP: 1/5
   626 | D:1      | Reached XP level 3. HP: 21/21 MP: 4/6
   631 | D:1      | Learned a level 3 spell: Conjure Flame
  1354 | D:2      | Reached XP level 4. HP: 26/27 MP: 5/8
  1943 | D:2      | Reached XP level 5. HP: 31/31 MP: 3/9
  2962 | D:3      | Reached skill level 1 in Shields
  3200 | D:3      | Found a glowing silver altar of Zin.
  3726 | D:4      | Reached skill level 1 in Short Blades
  3889 | D:4      | Reached XP level 6. HP: 37/37 MP: 7/11
  4305 | D:5      | Entered Level 5 of the Dungeon
  4313 | D:5      | Learned a level 3 spell: Inner Flame
  4318 | D:5      | Learned a level 4 spell: Sticky Flame
  4340 | D:5      | Noticed a sky beast
  4357 | D:5      | Killed a sky beast
  4553 | D:5      | Reached XP level 7. HP: 22/42 MP: 7/13
  4564 | D:5      | Gained mutation: You occasionally shout uncontrollably at
                  | your foes. [potion of mutation]
  4564 | D:5      | Gained mutation: You have supernaturally acute eyesight.
                  | (SInv) [potion of mutation]
  5042 | D:5      | Learned a level 2 spell: Call Imp
  5448 | D:5      | Found a shattered altar of Ashenzari.
  5569 | D:5      | Found a staircase to the Ecumenical Temple.
  5600 | Temple   | Entered the Ecumenical Temple
  5605 | Temple   | Became a worshipper of Sif Muna the Loreminder
  5922 | D:6      | Reached skill level 1 in Fighting
  5922 | D:6      | Reached XP level 8. HP: 48/48 MP: 7/15
  6035 | D:6      | Noticed Grinder
  6036 | D:6      | Reached skill level 1 in Summonings
  6045 | D:6      | Paralysed by Grinder for 2 turns
  6053 | D:6      | Killed Grinder
  6053 | D:6      | Reached skill level 5 in Spellcasting
  6076 | D:6      | Reached skill level 5 in Stealth
  6295 | D:6      | Found a sparkling altar of Nemelex Xobeh.
  6296 | D:6      | Found a blossoming altar of Fedhas.
  6297 | D:6      | Found a stormy altar of Qazlal.
  6297 | D:6      | Found an ancient bone altar of Kikubaaqudgha.
  6301 | D:6      | Found a snail-covered altar of Cheibriados.
  6332 | D:6      | Found a blossoming altar of Fedhas.
  6440 | D:6      | Learned a level 3 spell: Summon Guardian Golem
  7062 | D:7      | Reached XP level 9. HP: 41/53 MP: 17/17
  7083 | D:7      | Slain by a killer bee

Skill      XL: |  1  2  3  4  5  6  7  8 |
---------------+-------------------------+-----
Stealth        | 3 4 5 |  5.2
Spellcasting   | 3 4 5 |  5.6
Shields        | 1 2 4 |  4.2
Conjurations   | 2 3 4 |  4.3
Short Blades   | 1 2 |  2.7
Fire Magic     | 4 |  4.7
Dodging        | 3 |  3.5
Fighting       | 1 |  1.5
Summonings     | 2 |  2.3

Action                   |  1- 3 |  4- 6 |  7- 9 || total
-------------------------+-------+-------+-------++-------
Melee: Short sword       |    45 |    68 |    99 ||   212
       Constrict         |    13 |    21 |    24 ||    58
       Tentacles         |     6 |     9 |    20 ||    35
 Cast: Flame Tongue      |    46 |    65 |    58 ||   169
       Conjure Flame     |       |     2 |     2 ||     4
       Sticky Flame      |       |     1 |     4 ||     5
       Call Imp          |       |       |     4 ||     4
       Summon Guardian G |       |       |     1 ||     1
  Use: Potion            |       |     1 |     4 ||     5
       Scroll            |       |       |     2 ||     2
 Stab: Sleeping          |     7 |    12 |     7 ||    26
  Eat: Chunk             |     2 |     8 |     7 ||    17
       Ration            |       |       |     1 ||     1
Armor: Skin              |    11 |     4 |     3 ||    18
Dodge: Dodged            |    44 |    73 |    73 ||   190
Block: Buckler           |       |    21 |    26 ||    47
